 Dungeon Crawl Stone Soup version 0.18.1-6-gd335043 (webtiles) character file.

10333 Moloch the Severer (level 11, 0/90 HPs)
             Began as a Hill Orc Fighter on May 19, 2016.
             Was a High Priest of Okawaru.
             Slain by an orc warrior
             ... wielding a +0 long sword
              (13 damage)
             ... on level 1 of the Orcish Mines.
             The game lasted 00:20:28 (10565 turns).

Moloch the Severer (Hill Orc Fighter)              Turns: 10565, Time: 00:20:29

Health: 0/90       AC: 17    Str: 23    XL:     11   Next: 60%
Magic:  11/11      EV:  7    Int:  8    God:    Okawaru [*****.]
Gold:   889        SH:  9    Dex:  6    Spells: 0 memorised, 10 levels left

rFire  . . .     SeeInvis .     A - +0 war axe (venom)
rCold  + . .     Gourm    .     a - +0 ice dragon armour
rNeg   . . .     Faith    .     c - +0 shield
rPois  .         Spirit   .     P - +2 hat
rElec  .         Dismiss  .     v - +0 cloak (curse)
rCorr  .         Reflect  .     m - +2 pair of gloves
SustAt .         Harm     .     (no boots)
MR     .....                    r - amulet of rage
Stlth  ..........               (no ring)
                                L - ring of fire

@: not resistant to hostile enchantments, extremely unstealthy
A: hooves 1, horns 1, clumsy 2, frail 1
a: Heroism, Finesse, Renounce Religion, Convert to Beogh, Evoke Berserk Rage


You were on level 1 of the Orcish Mines.
You worshipped Okawaru.
Okawaru was extremely pleased with you.
You were hungry.

You visited 3 branches of the dungeon, and saw 14 of its levels.

You collected 889 gold pieces.

Inventory:

Hand Weapons
 A - a +0 war axe of venom (weapon)
 I - a +1 flail of venom
Armour
 a - a +0 ice dragon armour (worn)
 c - a +0 shield (worn)
 m - a +2 pair of gloves (worn)
 v - a cursed +0 cloak (worn)
 G - a +0 plate armour
 P - a +2 hat (worn)
Jewellery
 r - an amulet of rage (around neck)
 L - a ring of fire (left hand)
Wands
 o - a wand of hasting (3/9)
Scrolls
 b - a scroll of recharging {unknown}
 h - 11 scrolls of remove curse {unknown}
 l - 5 scrolls of amnesia {unknown}
 p - 2 scrolls of random uselessness {unknown}
 q - 3 scrolls of teleportation {unknown}
 s - a scroll of fear {unknown}
 u - a scroll of fog {unknown}
 x - 3 scrolls of enchant weapon {unknown}
 y - a scroll of immolation {unknown}
 B - a scroll of acquirement {unknown}
 D - a scroll of noise {unknown}
 E - 2 scrolls of magic mapping {unknown}
 M - 2 scrolls of enchant armour {unknown}
Potions
 d - a potion of might
 e - a potion of heal wounds
 g - 3 potions of agility
 i - 3 potions of curing
 k - 2 potions of haste
 t - 2 potions of cure mutation
 w - 3 potions of ambrosia
 z - 2 potions of mutation
 H - a potion of lignification
 K - a potion of magic {unknown}
 N - 2 potions of berserk rage
 O - 2 potions of degeneration {unknown}
Comestibles
 f - 9 bread rations
 n - 7 meat rations
 C - a royal jelly
 F - 4 fruits
 J - a beef jerky


   Skills:
 + Level 10.9 Fighting
 + Level 18.5 Axes
 * Level 4.2 Armour
 * Level 3.7 Shields


You had 10 spell levels left.
You didn't know any spells.

Dungeon Overview and Level Annotations

Branches:
Dungeon (11/15)            Temple (1/1) D:6            Lair (0/8) D:10
    Orc (2/2) D:9
    Elf: Orc:2

Altars:
Ashenzari
Cheibriados
Dithmenos
Elyvilon
Fedhas
Kikubaaqudgha
Nemelex Xobeh
Okawaru
Pakellas
Qazlal
Ru
Sif Muna
Trog
Vehumet
Xom
Yredelemnul
Zin
The Shining One

Shops:
D:10 }


Innate Abilities, Weirdness & Mutations

You have large cloven feet.
You have a pair of small horns on your head.
You are very clumsy. (Dex -4)
You are frail (-10% HP).


Message History

You hit the orc.
The orc is poisoned.
The orc is heavily wounded.
You hit the orc priest but do no damage.
The orc priest is poisoned.
The orc warrior hits you with a long sword!
* * * LOW HITPOINT WARNING * * *
You block the orc's attack. The orc priest closely misses you.
The orc priest threatens, "By the altar or by the axe, you will meet Beogh!"
Unknown command.
You barely miss the orc warrior.
You kick the orc warrior, but do no damage.
The orc warrior is almost dead.
You slash the orc!
You kill the orc!
Okawaru accepts your kill.
You slash the orc priest!
The orc priest looks even sicker.
The orc priest shouts, "Surrender to Beogh and we'll let you live!"
The orc priest is heavily wounded.
The orc warrior hits you with a long sword!
You die...

#......##.......#...##
#............#.###.#.##
##.........#.#...#.....#
#.............#.#.....##
##.............#)...###
#...)#.......#....####
##................##..##
#......#...o[)...##....#
#..........[@o....#....# ###
##...........)...#....####.##
##....#.#..................#
#....#......................
##...........#..............
###.#........[[..#.#.#.....
###..#..#..).......##....
##...#.....[#.#.....#...#
#............###.....#.#.


You could see an orc warrior and an orc priest.

Vanquished Creatures
  Erolcha (D:9)
  Josephine (D:9)
  Nergalle (D:9)
  2 trolls
  A merfolk (D:10)
  3 two-headed ogres
  The ghost of Heskey the Skirmisher, an amateur GrGl of Okawaru (D:3)
  A spriggan (D:10)
  4 wraiths
  A human (D:10)
  A wyvern (D:8)
  2 hungry ghosts
  Edmund (D:6)
  6 orc warriors
  2 sky beasts
  A black bear (D:6)
  A phantom (D:4)
  8 centaurs
  8 ogres
  3 wolves
  A crocodile (D:7)
  4 giant frogs
  A water moccasin zombie (D:5)
  A scorpion (D:7)
  A wyvern skeleton (D:8)
  3 killer bees (D:8)
  4 wights (D:7)
  3 electric eels (D:10)
  3 lava snakes (D:10)
  3 crimson imps
  A quasit (D:7)
  3 giant frog skeletons
  A giant frog zombie (D:9)
  7 hounds
  A jelly (D:8)
  15 orc priests
  2 iguanas (D:8)
  19 orc wizards
  5 worker ants
  A howler monkey zombie (D:7)
  3 howler monkey skeletons
  8 adders
  2 shadow imps
  4 oozes
  An adder skeleton (D:8)
  2 worms
  2 dart slugs
  6 giant geckos
  85 orcs
  7 giant cockroaches
  4 goblins
  9 hobgoblins
  7 jackals
  7 quokkas
  A ball python (D:2)
  7 bats
  6 giant newts
  8 kobolds
  8 rats
  A spectral orc (D:3)
306 creatures vanquished.

Notes
Turn   | Place    | Note
--------------------------------------------------------------
     0 | D:1      | Moloch the Hill Orc Fighter began the quest for the Orb.
     0 | D:1      | Reached XP level 1. HP: 19/19 MP: 1/1
    20 | D:1      | Reached skill level 3 in Axes
    74 | D:1      | Reached XP level 2. HP: 26/26 MP: 2/2
    76 | D:1      | Reached skill level 4 in Axes
   379 | D:1      | Reached XP level 3. HP: 31/31 MP: 3/3
   549 | D:2      | Reached skill level 5 in Axes
   614 | D:2      | Found an oddly glowing altar of Pakellas.
   861 | D:2      | Found a sparkling altar of Nemelex Xobeh.
   863 | D:2      | Found a stormy altar of Qazlal.
  1019 | D:2      | Reached XP level 4. HP: 39/39 MP: 4/4
  1083 | D:2      | Found an iron altar of Okawaru.
  1091 | D:2      | Became a worshipper of Warmaster Okawaru
  1165 | D:3      | Found a basalt altar of Yredelemnul.
  1235 | D:3      | Noticed Heskey's ghost (amateur GrGl)
  1731 | D:3      | Found a shadowy altar of Dithmenos.
  1838 | D:3      | Reached skill level 6 in Axes
  2022 | D:3      | Reached XP level 5. HP: 42/45 MP: 5/5
  2210 | D:3      | Killed Heskey's ghost
  2210 | D:3      | Reached * piety under Okawaru
  2210 | D:3      | Reached skill level 8 in Axes
  2210 | D:3      | Reached XP level 6. HP: 51/51 MP: 6/6
  2330 | D:4      | Reached skill level 9 in Axes
  2641 | D:4      | Reached XP level 7. HP: 54/57 MP: 7/7
  2821 | D:4      | Reached skill level 10 in Axes
  2923 | D:4      | Reached ** piety under Okawaru
  3271 | D:4      | Found a deep blue altar of Sif Muna.
  3287 | D:5      | Entered Level 5 of the Dungeon
  3391 | D:5      | Paralysed by an orc wizard for 5 turns
  3534 | D:5      | Reached skill level 11 in Axes
  3910 | D:5      | Found a bloodstained altar of Trog.
  3957 | D:5      | Reached XP level 8. HP: 42/64 MP: 8/8
  4166 | D:5      | Reached skill level 12 in Axes
  4721 | D:6      | Found a staircase to the Ecumenical Temple.
  4726 | Temple   | Entered the Ecumenical Temple
  4872 | D:6      | Noticed Edmund
  4881 | D:6      | Reached *** piety under Okawaru
  4884 | D:6      | Killed Edmund
  4884 | D:6      | Reached skill level 13 in Axes
  5247 | D:6      | Found a radiant altar of Vehumet.
  5336 | D:6      | Found a sacrificial altar of Ru.
  5452 | D:7      | Reached XP level 9. HP: 71/71 MP: 9/9
  5460 | D:7      | Reached skill level 14 in Axes
  5589 | D:7      | Found a radiant altar of Vehumet.
  5817 | D:7      | Noticed a two-headed ogre
  6137 | D:7      | Killed a two-headed ogre
  6137 | D:7      | Reached skill level 5 in Fighting
  6477 | D:7      | Reached skill level 15 in Axes
  6730 | D:8      | Found an ancient bone altar of Kikubaaqudgha.
  6754 | D:8      | Reached **** piety under Okawaru
  7281 | D:9      | Reached XP level 10. HP: 83/86 MP: 10/10
  7464 | D:9      | Noticed Erolcha
  7479 | D:9      | Killed Erolcha
  7479 | D:9      | Reached ***** piety under Okawaru
  7479 | D:9      | Reached skill level 16 in Axes
  7693 | D:9      | Found a staircase to the Orcish Mines.
  7960 | D:10     | Entered Level 10 of the Dungeon
  8219 | D:10     | Found Anlutite's Gadget Shop.
  8228 | D:10     | Noticed Nergalle
  8229 | D:10     | Noticed Josephine
  8688 | D:9      | Killed Josephine
  8688 | D:9      | Received a gift from Okawaru
  8688 | D:9      | Reached skill level 17 in Axes
  8760 | D:9      | Killed Nergalle
  8760 | D:9      | Reached XP level 11. HP: 99/99 MP: 11/11
  8809 | D:10     | Reached skill level 10 in Fighting
  9045 | D:10     | Found a staircase to the Lair.
  9263 | D:10     | Reached skill level 18 in Axes
  9674 | D:11     | Gained mutation: You are clumsy. (Dex -2) [mutagenic meat]
  9675 | D:11     | Gained mutation: You are very clumsy. (Dex -4) [mutagenic meat]
  9677 | D:11     | Gained mutation: You have a pair of small horns on your head. [mutagenic meat]
  9678 | D:11     | Gained mutation: You are frail (-10% HP). [mutagenic meat]
  9679 | D:11     | Gained mutation: You have large cloven feet. [mutagenic meat]
  9758 | Orc:1    | Entered Level 1 of the Orcish Mines
 10071 | Orc:2    | Entered Level 2 of the Orcish Mines
 10297 | Orc:2    | Received a gift from Okawaru
 10304 | Orc:2    | Noticed an ogre mage
 10309 | Orc:2    | Noticed an ogre mage
 10557 | Orc:2    | HP: 4/90 [two-headed ogre/giant club (9)]
 10565 | Orc:1    | Slain by an orc warrior

Skill      XL: |  1  2  3  4  5  6  7  8  9 10 11 |
---------------+----------------------------------+-----
Axes           | 3 4 5 6 8 9 11 13 15 17 18 | 18.5
Fighting       | 4 7 9 10 | 10.9
Armour         | 4 |  4.2
Shields        | |  3.7

Action                   |  1- 3 |  4- 6 |  7- 9 | 10-12 || total
-------------------------+-------+-------+-------+-------++-------
Melee: War axe           |   117 |   150 |   387 |   361 ||  1015
       Kick              |       |       |       |    25 ||    25
       Headbutt          |       |       |       |    18 ||    18
Invok: Heroism           |       |       |     1 |       ||     1
 Abil: Evoke Berserk Rag |       |     1 |     2 |     3 ||     6
Evoke: Wand              |       |       |       |     5 ||     5
  Use: Scroll            |       |       |    10 |     1 ||    11
       Potion            |       |       |     1 |     2 ||     3
 Stab: Paralysed         |       |       |       |     3 ||     3
  Eat: Chunk             |       |     7 |    18 |    17 ||    42
       Pizza             |       |       |     1 |     1 ||     2
       Beef jerky        |       |       |     1 |       ||     1
Armor: Scale mail        |    66 |    86 |    63 |       ||   215
       Plate armour      |       |       |   115 |       ||   115
       Skin              |       |       |     6 |       ||     6
       Ice dragon armour |       |       |     3 |   147 ||   150
Dodge: Dodged            |    34 |    59 |    42 |    84 ||   219
Block: Shield            |    67 |    66 |   135 |   133 ||   401
